 Dungeon Crawl Stone Soup version 0.31.0-2-g5a2aebc5c2 (webtiles) character file.

Game seed: 13420793076230273725

725 bpung the Changeling (level 7, -1/46 HPs)
             Began as a Merfolk Shapeshifter on Jan 20, 2024.
             Was a Believer of Hepliaklqana.
             Slain by a kobold brigand
             ... wielding a +0 short sword
              (6 damage)
             ... on level 5 of the Dungeon.
             The game lasted 00:07:17 (3325 turns).

bpung the Changeling (Merfolk Shapeshifter)         Turns: 3325, Time: 00:07:18

Health: -1/46      AC:  3    Str: 15 (16) XL:     7   Next: 71%
Magic:  7/7        EV: 13    Int: 10      God:    Hepliaklqana [**....]
Gold:   269        SH:  0    Dex: 13      Spells: 6/6 levels left

rFire   . . .        a - +3 dagger (elec)
rCold   . . .        (no shield)
rNeg    . . .        i - +1 animal skin
rPois   .            (helmet currently unavailable)
rElec   .            (cloak currently unavailable)
rCorr   .            (gloves currently unavailable)
SInv    .            (boots currently unavailable)
Will    +....        h - amulet of regeneration
Stlth   ++           n - ring of willpower
HPRegen 1.07/turn    (no ring)
MPRegen 0.10/turn

%: no passive effects
@: beast-form
A: beast (slay +3), reduced essence, (nimble swimmer 2), mertail
a: Begin Untransformation, Renounce Religion, Recall Ancestor, Ancestor Identity


You were on level 5 of the Dungeon.
You worshipped Hepliaklqana.
Hepliaklqana was pleased with you.
You were a hulking beast.
You visited 1 branch of the dungeon, and saw 5 of its levels.

You collected 269 gold pieces.

Inventory:

Hand Weapons
 a - a +3 dagger of electrocution (weapon)
Missiles
 j - 6 poisoned darts (quivered)
 l - 6 darts of dispersal
 q - 4 curare-tipped darts
Armour
 e - a +0 pair of boots
 i - a +1 animal skin (worn)
 r - a scarf of invisibility
Jewellery
 h - an amulet of regeneration (around neck)
 n - a ring of willpower (left hand)
Talismans
 c - a beast talisman
 d - a flux talisman
Scrolls
 f - 3 scrolls of identify
 g - a scroll of silence
 k - a scroll of fear
 p - a scroll of enchant armour
Potions
 b - a potion of lignification
 m - 2 potions of ambrosia
 o - 2 potions of brilliance
 s - a potion of berserk rage


   Skills:
 + Level 3.5 Fighting
 + Level 3.3 Short Blades
 + Level 4.7 Dodging
 + Level 3.2 Stealth
 + Level 4.7 Unarmed Combat
 * Level 6.7 Shapeshifting


You had 6 spell levels left.
You didn't know any spells.
Your spell library contained the following spells:

 Spells                   Type           Power      Damage    Failure   Level
 Shock                    Conj/Air       0%         1d3       36%         1
 Mercury Vapours          Alch/Air       0%         N/A       50%         2
 Mephitic Cloud           Conj/Alch/Air  0%         N/A       75%         3
 Swiftness                Air            0%         N/A       75%         3
 Airstrike                Air            0%         2d(0-16)  98%         4
 Freezing Cloud           Conj/Ice/Air   0%         6-21      100%        5


Dungeon Overview and Level Annotations

Branches:
Dungeon (5/15)
 Temple: D:4-7

Altars:
Dithmenos
Hepliaklqana

Shops:
D:4 ?


Innate Abilities, Weirdness & Mutations

You are a hulking beast.
Your limbs bulge with bestial killing power. (Slay +3)
Your life essence is reduced to manifest your ancestor. (-10% HP)
((You are very nimble when in or above water. (Stealth+, EV+, Speed+++)))
Your lower body shifts to a powerful aquatic tail in water.


Message History

The kobold brigand barely misses Nozipho.
You swap places.
You feel sick.
Nozipho gestures at the kobold brigand while chanting.
The puff of frost hits the kobold brigand!
The kobold brigand completely misses you.
The kobold brigand hits you with a +0 short sword!
Things that are here:
a +0 whip; a kobold corpse You hit the kobold brigand.
Lightning courses through the kobold brigand!
The kobold brigand is severely wounded.
You feel sick.
The kobold brigand hits you with a +0 short sword.
* * * LOW HITPOINT WARNING * * *
The kobold brigand hits you with a +0 short sword.
* * * LOW HITPOINT WARNING * * *
You hit the kobold brigand.
The kobold brigand is almost dead.
Nozipho closely misses the kobold brigand.
You barely miss the kobold brigand.
The kobold brigand is almost dead.
You feel sick. The kobold brigand barely misses you.
The kobold brigand hits you with a +0 short sword.
* * * LOW HITPOINT WARNING * * *
Nozipho hits the kobold brigand with a +0 quarterstaff!
The kobold brigand dies!
You feel your strength returning.
You hit the kobold brigand but do no damage.
Lightning courses through the kobold brigand!
The kobold brigand is moderately wounded.
You feel sick.
The kobold brigand hits you with a +0 short sword.
* * * LOW HITPOINT WARNING * * *
Nozipho hits the kobold brigand with a +0 quarterstaff!
You hit the kobold brigand.
The kobold brigand is almost dead.
You feel sick.
You are no longer poisoned.
The kobold brigand hits you with a +0 short sword.
You die...

.#.#####... .#.......##
..........# ..........#
..........##### ######
..............## #......
...............##.......
##+#...........')$......
#.###.......'h)......
#.. #.......'RK....#+
.##.#....>..##.....# ..
#....).## #...:# ..
#........# ##### ...
#........# #.#.......
#.######### #


You could see the friendly Nozipho the battlemage and a kobold brigand (ally
target).

Vanquished Creatures
  Duvessa (D:4)
  A phantom (D:4)
  A bullfrog (D:5)
  Dowan (D:4)
  A jelly (D:3)
  A sleepcap (D:4)
  Natasha (thrice) (D:4)
  Robin (D:4)
  6 adders
  6 dart slugs
  5 orcs
  6 bats
  7 endoplasms
  2 giant cockroaches (D:1)
  12 goblins
  9 hobgoblins
  7 jackals
  12 kobolds
  4 quokkas
  5 ball pythons
  A frilled lizard (D:2)
  7 rats
99 creatures vanquished.

Vanquished Creatures (collateral kills)
  A kobold brigand (D:5)
  A hound (D:4)
  An adder (D:4)
  3 orcs (D:4)
  An endoplasm (D:4)
  A frilled lizard (D:3)
  5 kobolds
13 creatures vanquished.

Vanquished Creatures (others)
  An ancestor (D:4)
1 creature vanquished.

Grand Total: 113 creatures vanquished

Notes
Turn   | Place    | Note
-------+----------+-------------------------------------------
     0 | D:1      | bpung the Merfolk Shapeshifter began the quest for the Orb.
     0 | D:1      | Reached XP level 1. HP: 15/15 MP: 1/1
   151 | D:1      | Reached XP level 2. HP: 21/21 MP: 2/2
   554 | D:1      | Reached XP level 3. HP: 26/26 MP: 3/3
   751 | D:2      | Reached skill level 1 in Stealth
   935 | D:2      | Reached skill level 1 in Short Blades
   935 | D:2      | Reached XP level 4. HP: 15/33 MP: 4/4
  1339 | D:2      | Found a hazy altar of Hepliaklqana.
  1344 | D:2      | Became a worshipper of Hepliaklqana the Forgotten
  1454 | D:3      | Reached skill level 5 in Shapeshifting
  1519 | D:3      | Found a shadowy altar of Dithmenos.
  1548 | D:3      | Identified the +5 short sword "Kocruamo" {heavy, Str+3}
  1736 | D:3      | Reached XP level 5. HP: 36/38 MP: 5/5
  2119 | D:3      | Reached * piety under Hepliaklqana
  2123 | D:3      | Found a faded altar of an unknown god.
  2548 | D:4      | Noticed a phantom
  2552 | D:4      | Killed a phantom
  2553 | D:4      | Reached XP level 6. HP: 35/41 MP: 6/6
  2576 | D:4      | Noticed Natasha
  2582 | D:4      | Killed Natasha
  2610 | D:4      | Noticed Dowan
  2611 | D:4      | Noticed Duvessa
  2623 | D:4      | Killed Duvessa
  2624 | D:4      | Reached skill level 6 in Shapeshifting
  2634 | D:4      | Noticed Robin
  2638 | D:4      | Killed Dowan
  2639 | D:4      | Reached XP level 7. HP: 30/46 MP: 7/7
  2640 | D:4      | Noticed Natasha
  2646 | D:4      | Killed Robin
  2648 | D:4      | Killed Natasha
  2816 | D:4      | Found Pauwuada's Magic Scroll Emporium.
  3016 | D:4      | Noticed Natasha
  3020 | D:4      | Killed Natasha
  3036 | D:4      | Reached ** piety under Hepliaklqana
  3037 | D:4      | Remembered your ancestor Nozipho as a battlemage
  3203 | D:5      | Entered Level 5 of the Dungeon
  3325 | D:5      | Slain by a kobold brigand

Illustrated notes

Levels and vault maps discovered:
D:1:      scummos_arrival_gate, layout_loops_ring
D:2:      layout_basic, basic_altar
D:3:      layout_basic, nicolae_dithmenos_through_a_glass_darkly,
          ebering_ecumenical_altar_mist, lexackson_kobold_supper
D:4:      layout_cave_pools, serial_shops, nicolae_shop_statue_plus,
          uniq_duvessa, uniq_robin, uniq_natasha
D:5:      cheibrodos_fertilizer, layout_basic, mainiacjoe_overflow_alcove_1,
          cheibrodos_sewer_entry_sluice

Skill      XL: |  1  2  3  4  5  6  7 |
---------------+----------------------+-----
Dodging        | 3 4 |  4.7
Stealth        | 1 2 3 |  3.2
Short Blades   | 1 2 3 |  3.3
Fighting       | 2 3 |  3.5
Shapeshifting  | 5 6 |  6.7
Unarmed Combat | 4 |  4.7

Action                     |  1- 3 |  4- 6 |  7- 9 || total
---------------------------+-------+-------+-------++-------
  Melee: Unarmed           |    12 |       |       ||    12
         Punch             |     4 |     2 |     1 ||     7
         Dagger            |    80 |   109 |    71 ||   260
 Invoke: Ancestor Life: Ba |       |       |     1 ||     1
    Use: Scroll            |     3 |     4 |       ||     7
         Potion            |       |     6 |     1 ||     7
   Stab: Sleeping          |     4 |     3 |     1 ||     8
         Distracted        |       |     1 |     1 ||     2
 Armour: Animal skin       |    40 |    64 |    47 ||   151
  Dodge: Dodged            |    57 |    73 |    37 ||   167
